Map: Nightscape LE

Players

qqq - Winner!

  • Race: Zerg Zerg
  • League: Platinum
  • Spawn Location: 1:00

Massa - Winner!

  • Race: Terran Terran
  • League: Platinum
  • Spawn Location: 1:00

ETa

  • Race: Protoss Protoss
  • Spawn Location: 7:00

posko

  • Race: Zerg Zerg
  • Spawn Location: 7:00

VOD

Have the link to the VOD?

Description

Time

  • Played on: Nov. 27, 2020, 3:29 p.m.
  • Length: 5:28
Show
View Real Time Build Order
Export as new Build Order

qqq Zerg - Winner!

Build Orders: Hatch First 

Get SALT Encoding   

  12  0:01  Drone  
  13  0:10  Drone  
  14  0:23  Overlord  
  14  0:45  Hatchery  
  14  0:49  Drone  
  14  0:51  Drone  
  14  0:55  Drone  
  16  1:00  Drone  
  17  1:23  Drone  
  18  1:25  Spawning Pool, Extractor  
  18  1:26  Drone  
  17  1:33  Drone  
  18  1:47  Drone  
  19  1:54  Drone  
  19  1:57  Drone  
  21  2:10  Overlord  
  21  2:12  Queen, Drone  
  24  2:18  Queen  
  24  2:20  Drone  
  27  2:23  Zergling x2  
  28  2:30  Zergling x2  
  28  2:32  Drone  
  30  2:41  Zergling x2  
  30  2:42  Zergling x2  
  32  2:46  Metabolic Boost  
  32  2:58  Zergling x2  
  33  3:01  Baneling Nest  
  33  3:03  Drone  
  33  3:04  Zergling x2  
  33  3:05  Zergling x2  
  35  3:09  Overlord  
  35  3:12  Zergling x2  
  36  3:28  Overlord, Zergling x2  
  36  3:32  Hatchery  
  36  3:38  Zergling x6  
  36  3:39  Zergling x2  
  36  3:40  Zergling x2  
  41  3:42  Drone  
  41  3:45  Zergling x2  
  43  3:50  Zergling x2  
  43  3:52  Zergling x2  
  45  4:09  Drone  
  46  4:10  Zergling x6  
  46  4:11  Zergling x6  
  46  4:13  Baneling x2  
  46  4:14  Baneling x3  
  52  4:30  Baneling x2  
  52  4:31  Overlord x2  
  52  4:42  Spore Crawler  
  52  4:44  Spore Crawler, Drone  
  52  4:45  Drone x2  
  52  4:46  Zergling x4  
  52  4:50  Zergling x4  
  58  4:52  Drone  
  57  5:06  Zergling x6  
  53  5:07  Zergling x6  
Show
View Real Time Build Order
Export as new Build Order

Massa Terran - Winner!

Build Orders: Gas First Reaper Expand 

Get SALT Encoding   

  12  0:00  SCV  
  13  0:12  SCV  
  14  0:22  Supply Depot  
  14  0:25  SCV  
  15  0:29  Refinery  
  15  0:44  SCV  
  15  0:45  Barracks  
  16  0:56  SCV  
  17  1:08  SCV  
  18  1:21  SCV  
  19  1:32  Reaper  
  20  1:36  Orbital Command  
  20  1:48  Command Center  
  20  1:54  Supply Depot  
  20  2:04  Barracks Reactor  
  20  2:08  Barracks  
  20  2:14  SCV  
  21  2:26  SCV  
  21  2:28  Factory  
  22  2:59  Barracks Tech Lab, Marine x2  
  24  3:10  Barracks Tech Lab, Orbital Command, Barracks  
  24  3:12  SCV  
  25  3:16  Hellion  
  25  3:17  Marine x2  
  29  3:24  Starport, SCV  
  30  3:35  Marine x2, Supply Depot  
  30  3:36  SCV x2  
  30  3:40  Widow Mine  
  36  3:43  Marine  
  38  3:48  SCV x2  
  38  3:53  Marine x2  
  41  4:00  Marine  
  41  4:01  Widow Mine  
  44  4:03  Marine  
  44  4:08  SCV x2  
  47  4:10  Marine  
  47  4:11  Marine  
  47  4:14  Supply Depot  
  49  4:18  Marine  
  49  4:20  SCV  
  49  4:21  Marine  
  49  4:23  Widow Mine  
  54  4:36  Marine, Supply Depot  
  55  4:40  Refinery  
  55  4:42  Command Center  
  55  4:45  Barracks Reactor  
  55  4:47  Marine, Marauder  
  55  4:50  Widow Mine  
  60  4:54  Marine  
  58  5:28  Engineering Bay  
Show
View Real Time Build Order
Export as new Build Order

ETa Protoss 

Build Orders: 1 Gate Expand, Oracle Opening, Phoenix Opening 

Get SALT Encoding   

  12  0:01  Probe  
  13  0:14  Probe  
  14  0:26  Pylon, Probe  
  15  0:44  Probe (Chrono Boost)  
  15  0:46  Gateway  
  16  0:55  Probe (Chrono Boost)  
  16  0:56  Assimilator  
  17  1:00  Probe (Chrono Boost)  
  18  1:10  Probe  
  19  1:24  Nexus  
  19  1:38  Probe  
  20  1:46  Cybernetics Core  
  20  1:50  Probe  
  20  1:51  Assimilator  
  20  1:53  Pylon  
  21  2:02  Probe  
  22  2:14  Probe  
  23  2:26  Probe  
  24  2:33  Stargate  
  24  2:36  Probe  
  25  2:37  Assimilator  
  25  2:38  Probe  
  25  2:42  Adept (Chrono Boost), Assimilator  
  28  2:48  Probe  
  28  2:50  Probe  
  30  3:00  Probe  
  30  3:02  Probe  
  30  3:04  Stargate  
  32  3:13  Probe  
  32  3:14  Probe  
  32  3:15  Pylon  
  34  3:24  Oracle  
  34  3:25  Probe  
  34  3:27  Probe  
  39  3:37  Probe  
  39  3:39  Probe  
  41  3:49  Probe  
  41  3:51  Probe  
  41  3:53  Phoenix  
  45  4:01  Probe  
  45  4:02  Pylon  
  46  4:03  Probe  
  46  4:06  Fleet Beacon  
  47  4:13  Probe  
  47  4:15  Probe  
  49  4:19  Phoenix  
  51  4:27  Phoenix  
  51  4:29  Probe x2  
  61  4:56  Pylon  
  61  4:58  Pylon  
Show
View Real Time Build Order
Export as new Build Order

posko Zerg 

Build Orders: Hatch First 

Get SALT Encoding   

  12  0:00  Drone  
  13  0:12  Overlord  
  13  0:16  Drone  
  14  0:30  Drone  
  14  0:31  Drone  
  14  0:34  Drone  
  17  0:54  Hatchery  
  17  0:56  Drone  
  17  0:59  Drone  
  18  1:11  Extractor  
  18  1:14  Spawning Pool  
  18  1:17  Drone  
  17  1:20  Drone  
  18  1:28  Drone  
  19  1:40  Drone  
  20  1:57  Drone  
  21  2:05  Hatchery  
  21  2:07  Drone x2  
  22  2:08  Queen  
  24  2:17  Queen  
  26  2:33  Zergling x2  
  26  2:34  Zergling x2  
  26  2:35  Overlord  
  26  2:36  Overlord  
  28  2:56  Zergling x2  
  28  2:57  Zergling x8  
  32  3:04  Queen  
  34  3:32  Drone x6  
  34  3:33  Evolution Chamber  
  39  3:34  Evolution Chamber  
  38  3:42  Drone x3  
  41  3:53  Roach Warren  
  40  3:59  Queen  
  42  4:05  Drone x3  
  42  4:09  Extractor  
  44  4:17  Lair  
  46  4:32  Drone x4  
  44  5:05  Zergling x2  
  44  5:06  Zergling x12  
Tags
 
Add a new tag
Caveats
  • Supply blocks, unpowered buildings, or Contaminate may cause inaccurate times.
  • Supply counts are checked every 10 seconds.